 Dungeon Crawl Stone Soup version 0.18-a0-1789-gbeff17f (webtiles) character file.

98 Tarnath the Shield-Bearer (level 5, -2/42 HPs)
             Began as a Formicid Fighter on Apr 21, 2016.
             Was a Follower of Trog.
             Slain by Duffy's ghost (13 damage)
             ... on level 6 of the Dungeon.
             The game lasted 00:49:31 (1852 turns).

Tarnath the Shield-Bearer (Formicid Fighter)        Turns: 1852, Time: 00:49:32

Health: -2/42      AC:  9    Str: 26    XL:     5   Next: 1%
Magic:  5/5        EV:  6    Int:  7    God:    Trog [*.....]
Gold:   164        SH: 10    Dex: 11    Spells: 0 memorised, 4 levels left

rFire  . . .     SeeInvis +     a - +0 war axe
rCold  . . .     Gourm    .     e - +0 chain mail
rNeg   . . .     Faith    .     c - +0 shield
rPois  .         Spirit   .     (helmet unavailable)
rElec  .         Dismiss  .     (no cloak)
rCorr  .         Reflect  .     (no gloves)
SustAt .         Harm     .     (no boots)
MR     .....                    (no amulet)
Stlth  ..........               (no ring)
                                (no ring)

@: mighty, not resistant to hostile enchantments, extremely unstealthy
A: permanent stasis, dig shafts and tunnels, four strong arms, antennae 3
a: Dig, Shaft Self, Burn Spellbooks, Renounce Religion


You were on level 6 of the Dungeon.
You worshipped Trog.
Trog was aware of your devotion.
You were not hungry.

You visited 1 branch of the dungeon, and saw 4 of its levels.

You collected 164 gold pieces.

Inventory:

Hand Weapons
 a - a +0 war axe (weapon)
 o - a +2 spear of piercing
Armour
 c - a +0 shield (worn)
 e - a +0 chain mail (worn)
Scrolls
 i - a scroll of identify
 j - a scroll of remove curse
 m - a scroll of recharging
Potions
 k - 2 potions of curing {unknown}
 l - a potion of lignification {unknown}
 n - 4 potions of flight {unknown}
Books
 q - a book of Death

   Spells                             Type                      Level
   a - Corpse Rot                     Necromancy                   2
   b - Sublimation of Blood           Necromancy                   2
   c - Agony                          Necromancy                   5
   d - Dispel Undead                  Necromancy                   5
   e - Excruciating Wounds            Charms/Necromancy            5
   f - Bolt of Draining               Conjuration/Necromancy       5
   Trog disapproves of the use of such an item.
Comestibles
 b - a meat ration
 f - a bread ration
 g - 2 fruits


   Skills:
 + Level 4.0 Fighting
 * Level 3.1 Axes
 + Level 4.0 Armour
 + Level 4.3 Shields


You had 4 spell levels left.
You didn't know any spells.

Dungeon Overview and Level Annotations

Branches:
Dungeon (3/15)

Altars:
Cheibriados
Pakellas
Trog

Annotations:
D:3 Robin
D:6 Duffy's ghost, novice DsFi


Innate Abilities, Weirdness & Mutations

You are under a permanent stasis effect.
You can dig through walls and to a lower floor.
Your four strong arms can wield two-handed weapons with a shield.
You have a pair of large antennae on your head (SInv).


Message History

* * * LOW HITPOINT WARNING * * *
You closely miss Duffy's ghost. You block Duffy's ghost's attack.
Your chain mail prevents you from hitting Duffy's ghost.
You block Duffy's ghost's attack. x2
You hit Duffy's ghost.
Duffy's ghost is lightly damaged.
Duffy's ghost hits you but does no damage.
Your shield and chain mail prevent you from hitting Duffy's ghost.
Duffy's ghost is lightly damaged.
Duffy's ghost hits you but does no damage.
Level annotation: Duffy's ghost, novice DsFi Welcome back, Tarnath the Formicid Fighter.
Trog says: Kill them all!
Press ? for a list of commands and other information.
Read which item? (? for menu, Esc to quit)
Okay, then.
Drink which item? (? for menu, Esc to quit)
You feel very mighty all of a sudden. Duffy's ghost hits you!
You die...

. # #.#.# #.#.#.!. #
#.#.#.####...!..#. #
#.#.#......#..).. #
#...........###.
########.#####...#..
.........# #..##.#
##########
#..##.#####.
#..#........
#..@W....#
#.######.# #.. ###


You could see Duffy's ghost.

Vanquished Creatures
  3 adders (D:2)
  An ooze (D:2)
  A dart slug (D:2)
  2 giant geckos
  5 orcs (D:3)
  A ball python (D:2)
  6 giant cockroaches
  10 goblins
  6 hobgoblins
  4 jackals (D:1)
  3 kobolds (D:1)
  A bat (D:2)
  4 giant newts
  5 rats
52 creatures vanquished.

Notes
Turn   | Place    | Note
--------------------------------------------------------------
     0 | D:1      | Tarnath the Formicid Fighter began the quest for the Orb.
     0 | D:1      | Reached XP level 1. HP: 18/18 MP: 1/1
    45 | D:1      | Reached XP level 2. HP: 19/24 MP: 2/2
   650 | D:2      | Found a snail-covered altar of Cheibriados.
   661 | D:2      | Reached XP level 3. HP: 29/29 MP: 3/3
   762 | D:2      | Found a bloodstained altar of Trog.
   770 | D:2      | Became a worshipper of Trog the Wrathful
   944 | D:2      | Reached XP level 4. HP: 27/36 MP: 4/4
  1391 | D:2      | Found an oddly glowing altar of Pakellas.
  1578 | D:3      | Noticed Robin
  1589 | D:3      | Reached * piety under Trog
  1589 | D:3      | Reached XP level 5. HP: 21/42 MP: 5/5
  1596 | D:3      | You fall through a shaft for 3 floors!
  1840 | D:6      | Noticed Duffy's ghost (novice DsFi)
  1852 | D:6      | Slain by Duffy's ghost

Vault maps used:
D:1:      dpeg_arrival_round_b
D:2:      nicolae_overflow_hidden_temple, lemuel_round_altar,
          kennysheep_slug_shrine
D:3:      tso_metal_star, ecumenical_altar_1, glass_columns_b,
          hangedman_decor_riveting, uniq_robin, uniq_natasha
D:6:      nicolae_ru_great_annihilating_truth, xom_teletrap_fun,
          uniq_blork_the_orc

Skill      XL: |  1  2  3  4 |
---------------+-------------+-----
Axes           | 3 |  3.1
Shields        | 4 |  4.3
Armour         | 4 |  4.0
Fighting       | 4 |  4.0

Action                   |  1- 3 |  4- 6 || total
-------------------------+-------+-------++-------
Melee: War axe           |    75 |    88 ||   163
 Abil: Shaft Self        |       |     1 ||     1
  Use: Scroll            |     2 |     2 ||     4
       Potion            |       |     1 ||     1
  Eat: Chunk             |       |     2 ||     2
       Beef jerky        |       |     1 ||     1
Armor: Scale mail        |    10 |       ||    10
       Chain mail        |    24 |    52 ||    76
Dodge: Dodged            |    22 |    18 ||    40
Block: Shield            |    41 |    64 ||   105
